 Dungeon Crawl Stone Soup version 0.27.1-33-g824d729ab1 (webtiles) character file.

Game seed: 16799050786341137539

52 unlimited1921 the Firebug (level 3, -5/26 HPs)
             Began as a Demigod Fire Elementalist on Nov 26, 2021.
             Killed from afar by Sigmund (9 damage)
             ... with a magic dart
             ... on level 2 of the Dungeon.
             The game lasted 00:06:41 (4863 turns).

unlimited1921 the Firebug (DgFE)                    Turns: 4863, Time: 00:06:42

Health: -5/26      AC:  3    Str:  9    XL:     3   Next: 39%
Magic:  3/9        EV: 12    Int: 21    God:
Gold:   41         SH:  0    Dex: 14    Spells: 5/6 levels left

rFire    . . .     SeeInvis .   d - +0 short sword
rCold    . . .     Faith    .   (no shield)
rNeg     . . .     Spirit   .   a - +0 robe
rPois    .         Reflect  .   (no helmet)
rElec    .         Harm     .   g - +0 cloak
rCorr    .         Rampage  .   (no gloves)
Will     .....                  (no boots)
Stlth    ++........             (no amulet)
HPRegen  0.08/turn              (no ring)
MPRegen  0.11/turn              (no ring)

@: no status effects
A: high mp 1, forlorn
a: no special abilities


You were on level 2 of the Dungeon.
You visited 1 branch of the dungeon, and saw 2 of its levels.

You collected 41 gold pieces.

Inventory:

Hand Weapons
 d - a +0 short sword (weapon)
 h - a +0 dagger of venom
Armour
 a - a +0 robe (worn)
 g - a +0 cloak (worn)
Scrolls
 b - 2 scrolls of teleportation {unknown}
 f - a scroll of fog {unknown}
 i - 2 scrolls of enchant weapon {unknown}
Potions
 c - 2 potions of might {unknown}
 e - 2 potions of magic {unknown}
 j - a potion of haste {unknown}
 k - a potion of curing {unknown}


   Skills:
 + Level 2.2 Dodging
 + Level 2.1 Stealth
 * Level 2.2 Spellcasting
 + Level 1.1 Conjurations
 + Level 3.3 Fire Magic


You had 5 spell levels left.
You knew the following spells:

 Your Spells              Type           Power      Damage    Failure   Level
a - Foxfire               Conj/Fire      44%        2x1d6     6%          1

Your spell library contained the following spells:

 Spells                   Type           Power      Damage    Failure   Level
 Conjure Flame            Conj/Fire      11%        6-21      17%         3
 Inner Flame              Hex/Fire       9%         N/A       22%         3
 Sticky Flame             Conj/Fire      11%        2d3       50%         4
 Fireball                 Conj/Fire      5%         3d5       85%         5


Dungeon Overview and Level Annotations

Branches:
Dungeon (2/15)

Annotations:
D:2 Sigmund


Innate Abilities, Weirdness & Mutations

Your attributes grow dramatically as you level up.
You have an increased reservoir of magic. (+10% MP)
You shall have no god before yourself.


Message History

Confirm with . or Enter, or press ? or * to list all spells.
You conjure some foxfire!
The foxfire hits Sigmund.
Sigmund is moderately wounded.
Casting: Foxfire (safe; 6% risk of failure)
Confirm with . or Enter, or press ? or * to list all spells.
You conjure some foxfire!
The foxfire hits Sigmund.
Sigmund is moderately wounded.
The foxfire hits Sigmund but does no damage.
Sigmund is moderately wounded.
Casting: Foxfire (safe; 6% risk of failure)
Confirm with . or Enter, or press ? or * to list all spells.
You conjure some foxfire!
The foxfire hits Sigmund but does no damage.
Sigmund is moderately wounded.
The foxfire hits Sigmund.
Sigmund is heavily wounded.
Your magical contamination has completely faded away.
Casting: Foxfire (safe; 6% risk of failure)
Confirm with . or Enter, or press ? or * to list all spells.
You conjure some foxfire!
The foxfire hits Sigmund.
Sigmund is heavily wounded.
The foxfire hits Sigmund.
Sigmund is heavily wounded.
Sigmund hits you from afar with a +0 scythe!
Ouch! That really hurt!
Casting: Foxfire (safe; 6% risk of failure)
Confirm with . or Enter, or press ? or * to list all spells.
You conjure some foxfire!
Sigmund hits you from afar with a +0 scythe!
* * * LOW HITPOINT WARNING * * *
Your foxfire dissipates!
The foxfire hits Sigmund.
Sigmund is severely wounded.
There is a stone staircase leading down here.
Sigmund casts a spell at you. The magic dart hits you!
You die...

....#..^......###
.................
#......†..#
#.........#
#.........#
#.........#
#.........# ....
#<........#####
.P..
#..#.......@>...#
...P.
##.##.....###...#
⌠.P.. #. #######
##..# .⌠⌠..≈ #.
#.@###.PPP.P ##
#.......PP..
#......P...P
..........#####..
###.......#
#######...


You could see Sigmund.

Vanquished Creatures
  An adder (D:2)
  5 ball pythons (D:1)
  3 bats
  2 endoplasms (D:1)
  2 giant cockroaches (D:1)
  6 goblins (D:1)
  4 hobgoblins (D:1)
  4 quokkas (D:1)
  A frilled lizard (D:1)
  5 kobolds (D:1)
  4 rats (D:1)
37 creatures vanquished.

Vanquished Creatures (collateral kills)
  2 foxfires (D:1)
2 creatures vanquished.

Vanquished Creatures (others)
  116 foxfires
  A plant (D:2)
117 creatures vanquished.

Grand Total: 156 creatures vanquished

Notes
Turn   | Place    | Note
-------+----------+-------------------------------------------
     0 | D:1      | unlimited1921 the Demigod Fire Elementalist began the quest
                  | for the Orb.
     0 | D:1      | Reached XP level 1. HP: 14/14 MP: 5/5
  1002 | D:1      | Reached skill level 3 in Fire Magic
  1362 | D:1      | Reached skill level 1 in Conjurations
  1362 | D:1      | Reached XP level 2. HP: 20/20 MP: 2/7
  3654 | D:1      | Reached XP level 3. HP: 22/26 MP: 3/8
  4847 | D:2      | Noticed Sigmund
  4863 | D:2      | Killed from afar by Sigmund

Illustrated notes

Levels and vault maps discovered:
D:1:      minmay_arrival_plants_in_alcoves, layout_loops_corners, serial_rivers,
          chequers_serial_rivers_small_a, chequers_serial_rivers_marsh,
          chequers_serial_rivers_room_a, chequers_serial_rivers_room_b,
          chequers_serial_rivers_micro_c, chequers_serial_rivers_micro_d
D:2:      layout_rooms, shapermc_ecumenical_altar_mp_ritualfount, uniq_sigmund

Skill      XL: |  1  2  3 |
---------------+----------+-----
Dodging        | 2 |  2.2
Fire Magic     | 3 |  3.3
Conjurations   | 1 |  1.1
Spellcasting   | 2 |  2.2
Stealth        | 2 |  2.1

Action                   || total
-------------------------++-------
Melee: Short sword       ||    11
 Cast: Foxfire           ||    73
Armor: Robe              ||     2
Dodge: Dodged            ||    17
